 Dungeon Crawl Stone Soup version 0.21.0-3-g78d12a8 (webtiles) character file.

38 Ignatius881 the Magician (level 3, -2/24 HPs)
             Began as a Mummy Wizard on Jan 11, 2018.
             Slain by a worm (9 damage)
             ... on level 2 of the Dungeon.
             The game lasted 00:03:36 (1815 turns).

Ignatius881 the Magician (Mummy Wizard)             Turns: 1815, Time: 00:03:36

Health: -2/24      AC:  2    Str: 10    XL:     3   Next: 25%
Magic:  0/10       EV: 12    Int: 18    God:
Gold:   30         SH:  0    Dex: 10    Spells: 12/13 levels left

rFire    x . .     SeeInvis .   (no weapon)
rCold    + . .     Gourm    .   (no shield)
rNeg     + + +     Faith    .   a - +0 robe
rPois    ∞         Spirit   .   b - +0 hat
rElec    .         Reflect  .   (no cloak)
rCorr    .         Harm     .   (no gloves)
MR       .....                  (no boots)
Stlth    ++........             (no amulet)
HPRegen  0.08/turn              (no ring)
MPRegen  0.12/turn              (no ring)

@: no status effects
A: no food or potions, fire vulnerability, cold resistance 1, negative energy
resistance 3, torment resistance, unbreathing
a: no special abilities


You were on level 2 of the Dungeon.
You were not hungry.

You visited 1 branch of the dungeon, and saw 2 of its levels.

You collected 30 gold pieces.

Inventory:

Missiles
 d - 22 stones (quivered)
Armour
 a - a +0 robe (worn)
 b - a +0 hat (worn)
Scrolls
 e - a scroll of identify {unknown}
Books
 c - a book of Minor Magic


   Skills:
 - Level 1.5 Dodging
 - Level 1.5 Stealth
 * Level 5.6 Spellcasting
 - Level 0.7 Conjurations
   Level 0.7 Summonings
   Level 0.7 Translocations


You had 12 spell levels left.
You knew the following spells:

 Your Spells              Type           Power        Failure   Level  Hunger
a - Magic Dart            Conj           #...         10%         1    N/A

Dungeon Overview and Level Annotations

Branches:
Dungeon (2/15)

Altars:


Innate Abilities, Weirdness & Mutations

You do not eat or drink.
Your flesh is vulnerable to fire.
You are immune to poison.
Your flesh is cold resistant. (rC+)
You are immune to negative energy. (rN+++)
You are immune to unholy pain and torment.
You can survive without breathing.


Message History

The magic dart hits the hobgoblin.
You kill the hobgoblin!
You have reached level 3!
Your experience leads to an increase in your attributes!
Increase (S)trength, (I)ntelligence, or (D)exterity?
You feel clever.
Aim: a worm The magic dart hits the worm.
An adder comes into view.
Aim: a worm (lightly wounded)
The magic dart hits the worm.
The adder hisses angrily.
A rat comes into view.
Aim: an adder The magic dart hits the adder.
Aim: an adder (moderately wounded)
The magic dart hits the adder.
Aim: an adder (severely wounded)
The magic dart hits the adder.
You don't have enough magic to cast that spell.
You closely miss the adder. The adder completely misses you.
You hit the adder but do no damage. The adder closely misses you.
The adder bites you.
You hit the adder.
You kill the adder!
The rat closely misses you.
An adder comes into view.
Aim: a rat The magic dart hits the rat.
You kill the rat!
The adder hisses angrily.
You hit the worm. The worm bites you.
You hit the worm but do no damage. You hit the worm. The worm misses you.
You barely miss the worm. You barely miss the worm. The adder misses you.
The worm bites you.
You barely miss the worm. The adder bites you.
* * * LOW HITPOINT WARNING * * *
The adder bites you.
* * * LOW HITPOINT WARNING * * *
The worm closely misses you.
Aim: a worm (lightly wounded)
The magic dart hits the worm.
The adder barely misses you.
You barely miss the adder. The adder barely misses you.
The worm bites you but does no damage.
You closely miss the adder. The adder bites you.
* * * LOW HITPOINT WARNING * * *
The adder misses you.
You hit the adder. The worm bites you!
You die...

..... .....
...... ......
....#####
#.....?##
#..$....#
#..w@...#
......†S...#
##.#...........
#......#.#..
........# ...
#...###... ..
#... .... .
#... .....


You could see a worm and an adder.

Vanquished Creatures
  An adder (D:2)
  2 bats (D:1)
  A giant cockroach (D:1)
  3 goblins (D:1)
  3 hobgoblins
  3 jackals (D:1)
  A ball python (D:1)
  5 frilled lizards (D:1)
  5 kobolds (D:1)
  4 rats
28 creatures vanquished.

Notes
Turn   | Place    | Note
-------+----------+-------------------------------------------
     0 | D:1      | Ignatius881 the Mummy Wizard began the quest for the Orb.
     0 | D:1      | Reached XP level 1. HP: 13/13 MP: 5/5
   371 | D:1      | Reached XP level 2. HP: 8/19 MP: 0/7
   907 | D:1      | Reached skill level 5 in Spellcasting
  1796 | D:2      | Reached XP level 3. HP: 24/24 MP: 5/9
  1815 | D:2      | Slain by a worm

Skill      XL: |  1  2 |
---------------+-------+-----
Spellcasting   | 5 |  5.6
Dodging        | |  1.5
Stealth        | |  1.5
Conjurations   | |  0.7
Summonings     | |  0.7
Translocations | |  0.7

Action                   || total
-------------------------++-------
Melee: Unarmed           ||    21
Throw: Stone             ||    46
 Cast: Magic Dart        ||    75
Armor: Robe              ||    19
Dodge: Dodged            ||    55
